 Dungeon Crawl Stone Soup version 0.28-a0-691-gad6df49e81 (webtiles) character file.

Game seed: 7168721601385702806

42 voltaire321 the Sneak (level 3, 0/29 HPs)
             Began as a Demonspawn Delver on Oct 20, 2021.
             Slain by Jessica (3 damage)
             ... on level 2 of the Dungeon.
             The game lasted 00:03:09 (1049 turns).

voltaire321 the Sneak (Demonspawn Delver)           Turns: 1049, Time: 00:03:10

Health: 0/29       AC:  3    Str: 12    XL:     3   Next: 33%
Magic:  3/3        EV: 12    Int: 11    God:
Gold:   21         SH:  0    Dex: 15    Spells: 2/2 levels left

rFire   . . .      SeeInvis .   a - +0 falchion
rCold   . . .      Faith    .   (no shield)
rNeg    . . .      Spirit   .   b - +0 leather armour
rPois   .          Reflect  .   (helmet restricted)
rElec   .          Harm     .   (no cloak)
rCorr   .          Rampage  .   (no gloves)
Will    .....                   (no boots)
Stlth   +++.......              (no amulet)
HPRegen 0.09/turn               (no ring)
MPRegen 0.08/turn               (no ring)

@: no status effects
A: horns 2
a: no special abilities


You were on level 2 of the Dungeon.
You visited 1 branch of the dungeon, and saw 4 of its levels.

You collected 21 gold pieces.

Inventory:

Hand Weapons
 a - a +0 falchion (weapon)
Armour
 b - a +0 leather armour (worn)
Jewellery
 j - a +4 ring of slaying
Wands
 g - a wand of digging (3)
Scrolls
 c - a scroll of fog
 d - a scroll of magic mapping
 e - a scroll of fear
 i - a scroll of identify {unknown}
Potions
 f - a potion of haste
 h - a potion of cancellation {unknown}


   Skills:
 + Level 3.4 Fighting
 - Level 2.0 Long Blades
 + Level 1.0 Armour
 + Level 2.2 Dodging
 + Level 4.8 Stealth


You had 2 spell levels left.
You didn't know any spells.
Your spell library was empty.

Dungeon Overview and Level Annotations

Branches:
Dungeon (5/15)
 Temple: D:4-7

Altars:

Annotations:
D:2 Jessica


Innate Abilities, Weirdness & Mutations

You have a pair of horns on your head.


Message History

There is a stone staircase leading down here.
You hit the orc.
The orc is heavily wounded.
The orc misses you.
You slash the orc!
You kill the orc!
Things that are here:
a +0 short sword; a +0 leather armour You start resting.
HP restored.
Found 6 boomerangs.
Jessica the Apprentice Sorceress comes into view.
She is wielding a +4 dagger.
A quokka comes into view.
Found a stone staircase leading up.
Jessica casts a spell.
Jessica blinks!
Jessica gestures wildly.
Jessica casts a spell at you. You resist with some effort.
Jessica mumbles some strange words.
Jessica seems to speed up.
You barely miss Jessica. Your headbutt misses Jessica.
Jessica hits you with a +4 dagger.
Jessica shouts, "Stop bothering me, or I'll kill you!"
Jessica hits you with a +4 dagger.
You closely miss Jessica.
Jessica mumbles some strange words.
Jessica blinks!
You hit Jessica but do no damage. Your headbutt misses Jessica.
Jessica hits you with a +4 dagger. Jessica barely misses you.
You slash Jessica!
Jessica is severely wounded.
Jessica hits you with a +4 dagger!
* * * LOW HITPOINT WARNING * * *
Jessica hits you with a +4 dagger.
* * * LOW HITPOINT WARNING * * *
You closely miss Jessica.
Jessica is severely wounded.
Jessica hits you with a +4 dagger.
You die...

#.r.....# #. #.#
#.# #.# #.# #.#
#.# #.# #.# #.#
#.# #.# #.#####.#
#....@@.#
#########.#######
#.........#
###.#####.#.#
....)........#
.....>..#.#.#.#
....###....>...(
#.### # #.#.#.###
#. #....##


You could see Jessica (fast).

Vanquished Creatures
  An orc wizard (D:5)
  A hound zombie (D:5)
  An orc (D:2)
3 creatures vanquished.

Vanquished Creatures (others)
  2 fungi (D:3)
  2 toadstools (D:5)
4 creatures vanquished.

Grand Total: 7 creatures vanquished

Notes
Turn   | Place    | Note
-------+----------+-------------------------------------------
     0 | D:5      | voltaire321 the Demonspawn Delver began the quest for the
                  | Orb.
     0 | D:5      | Reached XP level 1. HP: 18/18 MP: 1/1
   141 | D:5      | Discovered your monstrous ancestry.
   141 | D:5      | Gained mutation: You have a pair of small horns on your
                  | head. [demonic ancestry]
   141 | D:5      | Reached XP level 2. HP: 8/24 MP: 2/2
   190 | D:5      | Noticed a scorpion
   388 | D:5      | Reached skill level 1 in Armour
   388 | D:5      | Gained mutation: You have a pair of horns on your head.
                  | [demonic ancestry]
   388 | D:5      | Reached XP level 3. HP: 12/29 MP: 3/3
  1029 | D:2      | Noticed Jessica
  1049 | D:2      | Slain by Jessica

Illustrated notes

Levels and vault maps discovered:
D:2:      layout_loops_ring, minmay_misc_feat_columns, minmay_tree_intersection,
          uniq_natasha, uniq_jessica
D:3:      layout_basic, shapermc_ecumenical_altar_ellora, uniq_sigmund
D:4:      layout_gridville, trog_book, kennysheep_mini_moat,
          minmay_temple_entry_nine_rooms, hangedman_decor_opposing, uniq_edmund,
          uniq_pikel
D:5:      layout_basic, minmay_gold_behind_fungi,
          minmay_a_box_with_orc_wizards_in_it

Skill      XL: |  1  2 |
---------------+-------+-----
Long Blades    | 2 |  2.0
Dodging        | 2 |  2.2
Armour         | 1 |  1.0
Fighting       | |  3.4
Stealth        | |  4.8

Action                   || total
-------------------------++-------
Melee: Falchion          ||    31
       Headbutt          ||     2
Armor: Leather armour    ||     6
Dodge: Dodged            ||    26

Table legend: (Time is in decaauts)
 A = Elapsed time spent in this place.
 B = Non-inter-level travel time spent in this place.
 C = Inter-level travel time spent in this place.
 D = Time resting spent in this place.
 E = Time spent auto-exploring this place.
 F = Levels seen in this place.
 G = Mean time per level.
                   A        B        C        D        E       F      G
               +--------+--------+--------+--------+--------+-----+--------+
         Total |   1054 |   1054 |      0 |    683 |     43 |   4 |  263.5 |
       Dungeon |   1054 |   1054 |      0 |    683 |     43 |   4 |  263.5 |
               +--------+--------+--------+--------+--------+-----+--------+

Top non-repeatable levels by time:
     D:5: 642 daAuts
     D:2: 299 daAuts
     D:4: 83 daAuts
     D:3: 28 daAuts
